AoeStats
← Horizon

Arena

508871132Analyzed
4v4 RM · 7d ago on Sep 24, 2026· 31m 2s· 8 players
Game mode
Random Map
Map size
Large (8 player)
Population
200
Speed
Normal
Resources
Standard
Victory
Conquest
Starting age
Dark Age
Ending age
Imperial Age
RankedLock teamsTeams togetherTeam positionsShared explorationLock speedFull tech treeHidden civsTurbo modeCheats
Victory
Defeat
🇨🇳 Varangians · China
1543
+16
🇬🇧 Danes · United Kingdom
1467
+19
🇩🇪 Vietnamese · Germany
1449
+19
🇩🇪 Saxons · Germany
1440
+20
🇦🇺 Bohemians · Australia
1551
-19
🇦🇷 Cumans · Argentina
1534
-19
🇨🇳 Lithuanians · China
1533
-19
🇵🇰 Teutons · Pakistan
1503
-17
Sir Radzig
8:47 Feudal Age
7:50 Loom
9:56 Double-Bit Axe
13:17 Fletching
16:45 Wheelbarrow
21:41 Castle Age
21:22 Horse Collar
28:38 Gold Mining
29:36 Hand Cart
33:26 Imperial Age
31:23 Heavy Plow
AncientKing
6:00 Loom
9:20 Feudal Age
10:45 Fletching
29:26 Double-Bit Axe
李雾月
10:05 Feudal Age
13:46 Castle Age
11:52 Double-Bit Axe
11:48 Horse Collar
15:14 Bow Saw
19:39 Wheelbarrow
21:08 Loom
21:17 Gold Mining
22:16 Stone Mining
22:28 Heavy Plow
23:59 Stone Shaft Mining
24:50 Stone Shaft Mining
24:48 Scale Mail Armor
24:58 Forging
25:03 Fervor
25:27 Squires
25:46 Chain Mail Armor
32:21 Imperial Age
29:34 Pikeman
31:01 Iron Casting
31:09 Hand Cart
30:39 Town Watch
Frankie Fast Hands
10:49 Feudal Age
9:32 Loom
14:23 Castle Age
12:55 Double-Bit Axe
20:05 Scale Mail Armor
26:26 Forging
29:52 Chain Mail Armor
ResonanceFreq
10:13 Feudal Age
9:25 Loom
14:36 Castle Age
13:40 Double-Bit Axe
27:06 Wheelbarrow
26:43 Town Watch
27:13 Fervor
31:51 Imperial Age
30:14 Hand Cart
只会种田
9:40 Feudal Age
10:54 Double-Bit Axe
13:49 Castle Age
15:42 Bow Saw
18:32 Loom
19:58 Fletching
26:36 Scale Barding Armor
Chim cu đi tắm
8:54 Feudal Age
9:28 Double-Bit Axe
10:56 Horse Collar
12:45 Loom
19:48 Wheelbarrow
22:09 Castle Age
20:40 Scale Barding Armor
20:47 Forging
21:08 Bloodlines
23:17 Chain Barding Armor
23:24 Bow Saw
23:15 Heavy Plow
26:01 Iron Casting
26:15 Hand Cart
25:37 Capped Ram
32:12 Imperial Age
Horizon
6:22 Loom
8:37 Feudal Age
9:14 Town Watch
10:07 Fletching
26:41 Wheelbarrow
29:09 Castle Age
28:45 Wheelbarrow
28:21 Gold Mining
28:14 Horse Collar
28:45 Double-Bit Axe
30:06 Bow Saw
29:59 Heavy Plow
30:19 Bodkin Arrow
Connection lost

Rejoining the realm…

Still unreachable

The connection could not be restored.

Session expired

The server has moved on; the page needs a fresh start.